 Dungeon Crawl Stone Soup version 0.19.1-1-g22dce08 (webtiles) character file.

130 McKennaii the Gusty (level 4, -1/27 HPs)
             Began as a High Elf Air Elementalist on Jan 12, 2017.
             Slain by a jackal (3 damage)
             ... on level 3 of the Dungeon.
             The game lasted 00:05:14 (2135 turns).

McKennaii the Gusty (High Elf Air Elementalist)     Turns: 2135, Time: 00:05:15

Health: -1/27      AC:  3    Str:  7    XL:     4   Next: 89%
Magic:  0/10       EV: 13    Int: 19    God:
Gold:   90         SH:  0    Dex: 16    Spells: 3 memorised, 5 levels left

rFire  . . .     SeeInvis .     (no weapon)
rCold  . . .     Gourm    .     a - +0 robe
rNeg   . . .     Faith    .     (no shield)
rPois  .         Spirit   .     (no helmet)
rElec  .         Reflect  .     (no cloak)
rCorr  .         Harm     .     p - +0 pair of gloves
MR     .....                    (no boots)
Stlth  ++........               (no amulet)
                                (no ring)
                                (no ring)

@: no status effects
A: no striking features
a: no special abilities


You were on level 3 of the Dungeon.
You were not hungry.

You visited 1 branch of the dungeon, and saw 3 of its levels.

You collected 90 gold pieces.

Inventory:

Armour
 a - a +0 robe (worn)
 p - a +0 pair of gloves (worn)
Jewellery
 m - an uncursed ring of fire {unknown}
Scrolls
 d - a scroll of random uselessness {unknown}
 f - a scroll of teleportation {unknown}
 h - a scroll of fear {unknown}
 j - 3 scrolls of remove curse {unknown}
 k - a scroll of fog {unknown}
 l - a scroll of amnesia {unknown}
 n - 3 scrolls of identify {unknown}
Potions
 e - a potion of cancellation {unknown}
 i - a potion of agility {unknown}
 o - a potion of curing {unknown}
Books
 b - a book of Air

   Spells                             Type                      Level
   a - Shock                          Conjuration/Air              1
   b - Swiftness                      Charms/Air                   2
   c - Repel Missiles                 Charms/Air                   2
   d - Static Discharge               Conjuration/Air              3
   e - Lightning Bolt                 Conjuration/Air              5
Comestibles
 c - 2 bread rations
 g - a fruit


   Skills:
 + Level 0.4 Fighting
 + Level 2.8 Dodging
 + Level 2.9 Stealth
 + Level 0.1 Unarmed Combat
 + Level 3.7 Spellcasting
 + Level 1.8 Conjurations
 + Level 4.8 Air Magic


You had 5 spell levels left.
You knew the following spells:

 Your Spells              Type           Power        Failure   Level  Hunger
a - Shock                 Conj/Air       ###.         4%          1    None
b - Swiftness             Chrm/Air       ##......     10%         2    ##.....
c - Repel Missiles        Chrm/Air       ##....       10%         2    ##.....


Dungeon Overview and Level Annotations

Branches:
Dungeon (3/15)

Altars:


Message History

The orc wizard is severely wounded.
The orc wizard hits you but does no damage.
The jackal bites you.
The orc wizard gestures at you while chanting.
The magic dart hits you!
* * * LOW HITPOINT WARNING * * *
Casting: Shock
Confirm with . or Enter, or press ? or * to list all spells.
Aiming: Shock
Press: ? - help, Shift-Dir - straight line The zap hits the orc wizard.
The orc wizard is severely wounded.
The zap hits the orc wizard.
The orc wizard is almost dead.
The jackal bites you.
* * * LOW HITPOINT WARNING * * *
The orc wizard hits you with a dagger.
* * * LOW HITPOINT WARNING * * *
The jackal bites you.
You die...

#... ..... ..# #...
†.. ...# #.# #..#
#.# #..# #†###..#
#.#####.o....###..#
#......@h)....(...#
#.##########.###.##
#.# #.# #.# ..# ###


You could see an orc wizard and a jackal.

Vanquished Creatures
  An orc priest (D:3)
  4 adders (D:2)
  2 adder zombies (D:1)
  A worm (D:2)
  A leopard gecko (D:1)
  2 orcs (D:3)
  3 bats
  3 giant cockroaches
  6 hobgoblins
  3 jackals (D:3)
  3 quokkas
  4 frilled lizards
  8 goblins
  4 kobolds
  5 rats
50 creatures vanquished.

Notes
Turn   | Place    | Note
-------+----------+-------------------------------------------
     0 | D:1      | McKennaii the High Elf Air Elementalist began the quest for the Orb.
     0 | D:1      | Reached XP level 1. HP: 11/11 MP: 4/4
    81 | D:1      | Reached XP level 2. HP: 6/17 MP: 0/6
   138 | D:1      | Learned a level 2 spell: Swiftness
   141 | D:1      | Learned a level 2 spell: Repel Missiles
   421 | D:1      | Reached skill level 4 in Air Magic
  1079 | D:2      | Reached XP level 3. HP: 21/21 MP: 4/8
  1587 | D:2      | Reached XP level 4. HP: 27/27 MP: 3/9
  2135 | D:3      | Slain by a jackal

Skill      XL: |  1  2 |
---------------+-------+-----
Air Magic      | 4 |  4.8
Spellcasting   | 3 |  3.7
Fighting       | |  0.4
Dodging        | |  2.8
Stealth        | |  2.9
Unarmed Combat | |  0.1
Conjurations   | |  1.8

Action                   |  1- 3 |  4- 6 || total
-------------------------+-------+-------++-------
Melee: Unarmed           |    27 |    13 ||    40
 Cast: Shock             |    76 |    39 ||   115
       Repel Missiles    |     1 |       ||     1
  Eat: Bread ration      |       |     1 ||     1
       Fruit             |       |     1 ||     1
       Pizza             |       |     1 ||     1
Armor: Robe              |     8 |     8 ||    16
Dodge: Dodged            |    41 |    24 ||    65
       Deflected         |       |     1 ||     1
